 Dungeon Crawl Stone Soup version 0.24.0-123-gd5b16e6ec5 (webtiles) character file.

Game seed: 4992278748420013345, levelgen mode: deterministic

14940 Curus the Cleaver (level 11, -1/102 HPs)
             Began as a Minotaur Abyssal Knight on Jan 13, 2020.
             Was a High Priest of Lugonu.
             Succumbed to a killer bee's poison
             ... on level 3 of the Lair of Beasts.
             The game lasted 00:38:08 (11439 turns).

Curus the Cleaver (Minotaur Abyssal Knight)        Turns: 11439, Time: 00:38:09

Health: -1/102     AC: 19    Str: 16    XL:     11   Next: 95%
Magic:  4/17       EV:  8    Int:  9    God:    Lugonu [*****.]
Gold:   610        SH:  0    Dex: 14    Spells: 10/10 levels left

rFire    . . .     SeeInvis .   r - +2 war axe
rCold    + + .     Gourm    .   (no shield)
rNeg     . . .     Faith    .   y - +0 chain mail {rC+}
rPois    .         Spirit   +   (helmet unavailable)
rElec    .         Reflect  .   x - +0 cloak
rCorr    .         Harm     .   m - +2 pair of gloves
MR       .....                  w - +1 pair of boots
Stlth    ..........             h - amulet of guardian spirit
HPRegen  0.27/turn              d - ring of wizardry
MPRegen  0.15/turn              v - ring of protection from cold

@: lethally poisoned (-1 -> -18)
A: retaliatory headbutt, horns 3, mutation resistance 1
a: Depart the Abyss, Bend Space, Banish, Corrupt, Enter the Abyss, Renounce
Religion


You were on level 3 of the Lair of Beasts.
You worshipped Lugonu.
Lugonu was extremely pleased with you.
You were not hungry.

You visited 2 branches of the dungeon, and saw 12 of its levels.
You visited the Abyss 1 time.

You collected 610 gold pieces.

Inventory:

Hand Weapons
 a - a +2 hand axe
 r - a +2 war axe (weapon)
Armour
 b - a +0 leather armour
 k - a +0 leather armour of cold resistance
 l - a +0 scale mail
 m - a +2 pair of gloves (worn)
 p - a +0 chain mail
 w - a +1 pair of boots (worn)
 x - a +0 cloak (worn)
 y - a +0 chain mail of cold resistance (worn)
Jewellery
 d - a ring of wizardry (left hand)
 h - an amulet of guardian spirit (around neck)
 v - a ring of protection from cold (right hand)
 A - an uncursed amulet of magic regeneration
Wands
 i - a wand of iceblast (5)
 j - a wand of scattershot (7)
 q - a wand of enslavement (10)
 s - a wand of random effects (12)
 B - a wand of polymorph (10)
Scrolls
 f - 7 scrolls of teleportation
 g - 16 scrolls of identify
 n - 5 scrolls of remove curse
 o - 2 scrolls of blinking
 t - 2 scrolls of amnesia
 u - a scroll of magic mapping
 C - a scroll of fear
Potions
 e - 3 potions of haste
 z - 2 potions of flight
Comestibles
 c - 20 rations
 D - 4 chunks of flesh


   Skills:
 + Level 11.1 Fighting
 - Level 13.6 Axes
 + Level 10.8 Armour
 - Level 1.1 Dodging
 - Level 10.0 Invocations


You had 10 spell levels left.
You didn't know any spells.
Your spell library contained the following spells:

 Spells                   Type           Power        Failure   Level  Hunger
 Animate Skeleton         Necr           N/A          82%         1    ##.....
 Apportation              Tloc           #.....       82%         1    ##.....
 Beastly Appendage        Tmut           #.....       82%         1    ##.....
 Confusing Touch          Hex            #.....       82%         1    ##.....
 Flame Tongue             Conj/Fire      #....        82%         1    ##.....
 Summon Small Mammal      Summ           #...         82%         1    ##.....
 Poisonous Vapours        Pois/Air       #.....       91%         2    ###....
 Sticks to Snakes         Tmut           #.......     91%         2    ###....
 Throw Flame              Conj/Fire      #.....       91%         2    ###....
 Conjure Flame            Conj/Fire      #.......     99%         3    ####...
 Inner Flame              Hex/Fire       #.......     99%         3    ####...
 Mephitic Cloud           Conj/Pois/Air  #.......     99%         3    ####...
 Spider Form              Tmut/Pois      #.........   99%         3    ####...
 Ice Form                 Ice/Tmut       #.......     100%        4    #####..
 Sticky Flame             Conj/Fire      #.......     100%        4    #####..
 Blade Hands              Tmut           #.........   100%        5    ######.
 Fireball                 Conj/Fire      #.........   100%        5    ######.
 Freezing Cloud           Conj/Ice/Air   #.........   100%        6    #######
 Ring of Flames           Chrm/Fire      #.........   100%        7    #######


Dungeon Overview and Level Annotations

Branches:
Dungeon (9/15)             Temple (0/1) D:5            Lair (3/6) D:9
  Swamp (0/4) Lair:3
  Snake: Lair:2-4    Spider: Lair:2-4       Orc: D:9-12

Altars:
Dithmenos
Elyvilon
Hepliaklqana
Kikubaaqudgha
Trog
Uskayaw
Wu Jian
Zin

Shops:
D:8 %

Annotations:
Abyss:1 Pikel


Innate Abilities, Weirdness & Mutations

You reflexively headbutt those who attack you in melee.
You have a pair of large horns on your head.
You are somewhat resistant to further mutation.


Message History

Lugonu accepts your kill.
You hit the killer bee.
* * * LOW HITPOINT WARNING * * *
You feel sick.
The killer bee stings you but does no damage.
You miss the killer bee. You headbutt the killer bee!
The killer bee is almost dead.
You barely miss the killer bee.
* * * LOW HITPOINT WARNING * * *
You feel sick. The killer bee barely misses you.
The killer bee stings you but does no damage.
The killer bee stings you.
* * * LOW HITPOINT WARNING * * *
You are more poisoned.
The killer bee poisons you! The killer bee barely misses you.
You hit the killer bee.
You kill the killer bee!
Lugonu accepts your kill.
You miss the killer bee.
You die...

### #††####.............
##..................
#.................. #
##.................. #
#...#............... #
##.#..#............. ##
# #....#.............
.##
##.#.#............>...
..#
###..yy@..#...#.####...#
..##
#............####.......
...#
#####.#.................
..##
..y#.............P...
..#
%%.%.#..............#..
### #...%
#...#..........#.. #
#%%% #####...........÷.
#.%. #####.†.#.........
##.................


You could see a queen bee and 2 killer bees.

Vanquished Creatures
  4 spiny frogs
  A rime drake (Lair:2)
  2 komodo dragons
  A troll (D:9)
  4 blink frogs (Lair:2)
  6 hippogriffs
  Sigmund (D:4)
  3 wyverns
  12 yaks
  A basilisk (Lair:1)
  A water moccasin (Lair:2)
  An orc warrior (D:8)
  14 porcupines
  A black bear (D:7)
  A sky beast (D:7)
  2 phantoms
  A slave (D:4)
  An ogre (D:5)
  4 centaurs
  6 crocodiles
  13 bullfrogs
  4 scorpions
  21 killer bees (Lair:3)
  An electric eel (Lair:3)
  5 howler monkeys
  4 crimson imps
  3 orc priests
  A gnoll shaman (D:5)
  4 hounds
  A centaur skeleton (D:8)
  5 orc wizards
  5 hell rats (Lair:2)
  7 iguanas
  2 worker ants
  A howler monkey zombie (D:7)
  2 hound skeletons
  2 worker ant zombies
  7 gnolls
  14 adders
  12 white imps (Lair:2)
  2 oozes
  2 adder skeletons
  An adder zombie (D:5)
  A worm (D:2)
  A dart slug (D:2)
  9 leopard geckos
  23 orcs
  9 giant cockroaches
  5 goblins
  9 hobgoblins
  8 jackals
  5 kobolds
  5 quokkas
  2 ball pythons
  3 bats
  10 frilled lizards
  A jackal skeleton (D:7)
  A jackal zombie (D:7)
  A leopard gecko skeleton (D:5)
  A quokka skeleton (D:4)
  7 rats
  3 plants (D:9)
290 creatures vanquished.

Vanquished Creatures (others)
  3 hydras
  A swamp dragon (Lair:3)
  A black mamba (Lair:2)
  13 fungi
  4 plants
22 creatures vanquished.

Grand Total: 312 creatures vanquished

Notes
Turn   | Place    | Note
-------+----------+-------------------------------------------
     0 | Abyss:1  | Curus the Minotaur Abyssal Knight began the quest for the
                  | Orb.
     0 | Abyss:1  | Reached XP level 1. HP: 19/19 MP: 1/1
    32 | Abyss:1  | Noticed an Executioner
    34 | D:1      | Escaped the Abyss
   134 | D:1      | Reached skill level 6 in Axes
   134 | D:1      | Reached skill level 5 in Invocations
   134 | D:1      | Reached XP level 2. HP: 24/26 MP: 1/4
   165 | D:1      | Reached * piety under Lugonu
   471 | D:1      | Reached XP level 3. HP: 20/31 MP: 6/6
   942 | D:2      | Reached XP level 4. HP: 33/39 MP: 7/7
   947 | D:2      | Reached ** piety under Lugonu
  1013 | D:2      | Reached skill level 7 in Axes
  1402 | D:3      | Reached XP level 5. HP: 27/45 MP: 4/8
  1480 | D:3      | Found a bloodstained altar of Trog.
  1766 | D:3      | Noticed a +0 hand axe
  1766 | D:3      | Noticed a +0 hand axe
  1767 | D:3      | Found a hide-covered altar of Uskayaw.
  1844 | D:3      | Found a glowing silver altar of Zin.
  1847 | D:3      | Reached *** piety under Lugonu
  2141 | D:4      | Reached XP level 6. HP: 49/51 MP: 9/9
  2194 | D:4      | Reached skill level 8 in Axes
  2264 | D:4      | Found an ancient bone altar of Kikubaaqudgha.
  2372 | D:4      | Noticed Sigmund
  2390 | D:4      | Killed Sigmund
  2390 | D:4      | Reached XP level 7. HP: 47/57 MP: 8/11
  2427 | D:4      | Found a white marble altar of Elyvilon.
  2613 | D:4      | Noticed Pikel
  2666 | D:4      | Banished Pikel
  2666 | D:4      | Reached skill level 9 in Axes
  2983 | D:5      | Entered Level 5 of the Dungeon
  3010 | D:5      | Reached XP level 8. HP: 59/64 MP: 10/12
  3317 | D:5      | Reached skill level 10 in Axes
  3513 | D:5      | Found a staircase to the Ecumenical Temple.
  3560 | D:5      | Gained mutation: You have a pair of large horns on your
                  | head. [potion of mutation]
  3560 | D:5      | Gained mutation: You are somewhat resistant to further
                  | mutation. [potion of mutation]
  4558 | D:7      | Reached **** piety under Lugonu
  4682 | D:7      | Reached skill level 11 in Axes
  5065 | D:7      | Reached XP level 9. HP: 70/70 MP: 14/14
  5215 | D:8      | Found a hazy altar of Hepliaklqana.
  5216 | D:8      | Found an ornate altar of the Wu Jian Council.
  5875 | D:8      | Found Syrifiri's Food Shop.
  5956 | D:8      | Reached skill level 12 in Axes
  6225 | D:9      | Noticed a troll
  6227 | D:9      | Found a shadowy altar of Dithmenos.
  6244 | D:9      | Killed a troll
  6631 | D:9      | Reached skill level 13 in Axes
  6652 | D:9      | Reached XP level 10. HP: 31/77 MP: 13/16
  6772 | D:9      | Found a staircase to the Lair.
  6913 | D:9      | Reached skill level 10 in Invocations
  6946 | Lair:1   | Entered Level 1 of the Lair of Beasts
  7012 | Lair:1   | Noticed a four-headed hydra
  7014 | Lair:1   | Banished a four-headed hydra
  7066 | Lair:1   | Reached skill level 5 in Fighting
  7462 | Lair:1   | Noticed a four-headed hydra
  7465 | Lair:1   | Banished a four-headed hydra
  7465 | Lair:1   | Reached skill level 5 in Armour
  7494 | Lair:1   | Noticed a seven-headed hydra
  7496 | Lair:1   | Banished a seven-headed hydra
  7788 | Lair:1   | Noticed a spiny frog
  7797 | Lair:1   | Killed a spiny frog
  8380 | Lair:1   | Reached XP level 11. HP: 61/93 MP: 13/17
  8666 | Lair:2   | Reached ***** piety under Lugonu
  9005 | Lair:2   | HP: 4/97 [poisoned by a black mamba]
  9317 | Lair:2   | Noticed a five-headed hydra
  9336 | Lair:2   | Banished a five-headed hydra
  9850 | Lair:3   | Reached skill level 10 in Fighting
 10213 | Lair:3   | Reached skill level 10 in Armour
 10828 | Lair:3   | Found a staircase to the Swamp.
 10828 | Lair:3   | Noticed a swamp dragon
 10858 | Lair:3   | Banished a swamp dragon
 11436 | Lair:3   | HP: 4/102 [killer bee (2)]
 11438 | Lair:3   | HP: 1/102 [killer bee (2)]
 11439 | Lair:3   | Succumbed to a killer bee's poison

Levels and vault maps discovered:
D:1:      lemuel_arrival_hallway, layout_loops_cross,
          minmay_misc_feat_diagonals, minmay_box_of_dots
D:2:      layout_rooms, first_ration
D:3:      layout_loops_ring, nicolae_overflow_hidden_temple,
          dancing_weapons_uskayaw, trog_butcher_becter
D:4:      layout_basic, overflow_temple_1_default, lemuel_doored_altar,
          uniq_sigmund, uniq_pikel
D:5:      layout_layer_cave, minmay_temple_entry_statues_pillars
D:6:      layout_rooms, roderic_filled_cross
D:7:      kennysheep_spiral_hall, layout_basic
D:8:      layout_layer_cave, gammafunk_temple_overflow_statue, serial_shops,
          shop
D:9:      layout_roguey, gammafunk_temple_overflow_wave,
          due_lair_maze_entry_diamond, serial_shops, shop,
          nicolae_dithmenos_the_darkroom
Lair:1:   layout_cave_pods, beast_lair_carwin_5, grunt_megastairs_1
Lair:2:   layout_regular_city, portal_ice_cave_entry_imps,
          nicolae_lair_grove_arrangements, lemuel_fruit_tree
Lair:3:   layout_gridlike, minmay_swamp_entry_reptiles, special_room
          [special_room_bee], beast_lair_carwin_6

Skill      XL: |  1  2  3  4  5  6  7  8  9 10 11 |
---------------+----------------------------------+-----
Axes           | 6 7 8 9 11 13 | 13.6
Invocations    | 5 6 7 8 9 10 | 10.0
Fighting       | 7 11 | 11.1
Armour         | 7 10 | 10.8
Dodging        | |  1.1

Action                   |  1- 3 |  4- 6 |  7- 9 | 10-12 || total
-------------------------+-------+-------+-------+-------++-------
Melee: Hand axe          |    90 |   180 |   215 |       ||   485
       Headbutt          |     8 |    18 |    71 |    79 ||   176
       War axe           |       |       |   176 |   366 ||   542
Invok: Depart the Abyss  |     1 |       |       |       ||     1
       Banish            |       |       |     1 |     6 ||     7
       Bend Space        |       |       |       |     1 ||     1
Evoke: Wand              |       |       |     1 |     3 ||     4
  Use: Potion            |     4 |     2 |     6 |     4 ||    16
       Scroll            |     3 |     5 |     6 |     4 ||    18
  Eat: Chunk             |       |     5 |     7 |    14 ||    26
       Ration            |       |       |     2 |     1 ||     3
Armor: Leather armour    |    15 |    12 |       |       ||    27
       Scale mail        |       |    27 |    42 |       ||    69
       Chain mail        |       |       |   148 |   209 ||   357
Dodge: Dodged            |    37 |    92 |   121 |   124 ||   374
